 Dungeon Crawl Stone Soup version 0.28-a0-1435-g82390b3a13 (webtiles) character file.

Game seed: 9781029754399745441

4013 namelastname112 the Skirmisher (level 10, -4/88 HPs)
             Began as a White Draconian Gladiator on Jan 10, 2022.
             Was a Believer of Uskayaw.
             Slain by a two-headed ogre (15 damage)
             ... on level 8 of the Dungeon.
             The game lasted 00:11:42 (11343 turns).

namelastname112 the Skirmisher (DrGl)              Turns: 11343, Time: 00:11:43

Health: -4/88      AC:  7    Str: 17    XL:     10   Next: 3%
Magic:  14/14      EV: 16    Int:  8    God:    Uskayaw [**....]
Gold:   188        SH:  0    Dex: 17    Spells: 9/9 levels left

rFire   + + .      SeeInvis .   E - +1 scimitar (flame)
rCold   + . .      Faith    .   (no shield)
rNeg    . . .      Spirit   .   (armour unavailable)
rPois   .          Reflect  .   b - +0 hat
rElec   .          Harm     .   (no cloak)
rCorr   .          Rampage  .   (no gloves)
Will    .....                   (no boots)
Stlth   ++........              D - amulet of magic regeneration
HPRegen 0.24/turn               d - ring of protection from fire
MPRegen 0.54/turn               B - ring of protection from fire

@: short of breath
A: breathe frost, AC +7, unfitting armour, cold resistance 1, cold-blooded
a: Breathe Frost, Renounce Religion, Stomp, Line Pass


You were on level 8 of the Dungeon.
You worshipped Uskayaw.
Uskayaw was noncommittal.
You visited 2 branches of the dungeon, and saw 9 of its levels.

You collected 386 gold pieces.
You spent 198 gold pieces at shops.

Inventory:

Hand Weapons
 a - a +0 long sword
 E - a +1 scimitar of flaming (weapon)
Missiles
 c - 5 throwing nets
 u - 20 poisoned darts (quivered)
Armour
 b - a +0 hat (worn)
Jewellery
 d - a ring of protection from fire (left hand)
 B - a ring of protection from fire (right hand)
 D - an amulet of magic regeneration (around neck)
 H - a ring of resist corrosion
 I - a ring of protection from cold
 J - a ring of see invisible
Wands
 i - a wand of iceblast (17)
 x - a wand of digging (3)
 z - a wand of mindburst (9)
 G - a wand of polymorph (5)
Scrolls
 f - a scroll of noise {unknown}
 h - 3 scrolls of immolation {unknown}
 k - a scroll of holy word {unknown}
 l - 6 scrolls of identify {unknown}
 m - 3 scrolls of teleportation {unknown}
 n - 2 scrolls of amnesia {unknown}
 o - 2 scrolls of blinking {unknown}
 p - 2 scrolls of fog {unknown}
 s - a scroll of enchant armour {unknown}
 w - a scroll of vulnerability {unknown}
 y - a scroll of magic mapping {unknown}
 F - a scroll of torment {unknown}
 L - a scroll of enchant weapon {unknown}
Potions
 e - 3 potions of degeneration {unknown}
 g - 2 potions of cancellation {unknown}
 j - a potion of attraction {unknown}
 q - a potion of lignification {unknown}
 r - 2 potions of haste {unknown}
 t - 2 potions of ambrosia {unknown}
 v - 7 potions of curing {unknown}
 A - a potion of flight {unknown}
 C - 2 potions of heal wounds {unknown}
 K - a potion of invisibility {unknown}


   Skills:
 + Level 7.9 Fighting
 + Level 7.6 Long Blades
 - Level 5.2 Throwing
 + Level 6.9 Dodging
 * Level 6.5 Invocations


You had 9 spell levels left.
You didn't know any spells.
Your spell library contained the following spells:

 Spells                   Type           Power      Damage    Failure   Level
 Summon Small Mammal      Summ           0%         N/A       41%         1
 Call Canine Familiar     Summ           0%         N/A       78%         3
 Summon Guardian Golem    Hex/Summ       0%         N/A       78%         3
 Fulminant Prism          Conj/Hex       0%         3d6       99%         4
 Hailstorm                Conj/Ice       0%         3d3       99%         4
 Ice Form                 Ice/Tmut       0%         N/A       99%         4
 Iskenderun's Mystic Bla  Conj/Tloc      0%         2d3       99%         4
 Lee's Rapid Deconstruct  Erth           0%         3d5*      100%        5
 Simulacrum               Ice/Necr       0%         N/A       100%        6


Dungeon Overview and Level Annotations

Branches:
Dungeon (8/15)             Temple (1/1) D:6
   Lair: D:8-11

Altars:
Ashenzari
Cheibriados
Dithmenos
Elyvilon
Fedhas
Gozag
Hepliaklqana
Kikubaaqudgha
Makhleb
Nemelex Xobeh
Okawaru
Qazlal
Ru
Sif Muna
Trog
Uskayaw
Vehumet
Wu Jian
Xom
Yredelemnul
Zin
The Shining One

Shops:
D:7 (


Innate Abilities, Weirdness & Mutations

You can breathe waves of freezing cold which knock back foes.
Your icy white scales are hard. (AC +7)
You cannot fit into any form of body armour.
Your flesh is cold resistant. (rC+)
You are cold-blooded and may be slowed by cold attacks.


Message History

You annihilate the gnoll!!!
The gnoll shaman calls upon its god to speed up the gnoll!
The gnoll seems to speed up!
Items here: ))) [[[!
Things that are here:
a +0 spear; a gnoll skeleton
Aiming: Breathe Frost (3% risk of failure)
Press: ? - help, Shift-Dir - straight line, f - two-headed ogre
Aim: a two-headed ogre, wielding two +0 giant clubs You exhale a wave of freezing cold!
The freezing breath hits the two-headed ogre!!!
The two-headed ogre is moderately wounded!
The two-headed ogre is blown backwards by the freezing wind!
The freezing breath hits the gnoll!!!
The gnoll is severely wounded!
The gnoll is blown backwards by the freezing wind!
The gnoll collides with the gnoll shaman!!!
The gnoll shaman is lightly wounded!
The gnoll is almost dead!
The freezing breath misses the gnoll shaman!
You can now pass through a line of other dancers!
You dice the two-headed ogre like an onion!
You burn the two-headed ogre!
The two-headed ogre is moderately wounded!
The gnoll shaman calls upon its god to heal the gnoll!
The gnoll is healed somewhat!
The two-headed ogre hits you with a +0 giant club!!!!!!
The two-headed ogre hits you with a +0 giant club!!!
You take 37 damage, and have 33/88 hp!
MASSIVE DAMAGE!!!!!!
You are too injured to fight recklessly!!!
You are too injured to fight recklessly!!!
You barely miss the two-headed ogre!
The two-headed ogre is moderately wounded!
You dice the two-headed ogre like an onion!!!
You burn the two-headed ogre!
The two-headed ogre is heavily wounded!
The two-headed ogre hits you with a +0 giant club!!!!!! * * * don't die
* * * The two-headed ogre hits you with a +0 giant club!!! rip

#.............#.#...# #.......#
############.##.##### #.......#
#.....#.##...... #.......#
#.###.#.######## #.......#
#.#...#....# #..<....#####
#.#.######.### #.......#...#
#......).....###
#.......#...#######.............
+.....).'...ggO@..)....#........
#.......#...##########.#........
...######...# #....#.#####.... .
#...# #.#.........#### #...#
#.####.####..... #...###
#......#########
#.....##########.(......
#####.##..##..##.#######
#.#........#.#......


You could see a two-headed ogre, a gnoll shaman and a gnoll (fast).

Vanquished Creatures
  A troll (D:7)
  A yak (D:8)
  A wyvern (D:7)
  A steam dragon (D:7)
  Edmund (D:6)
  2 water moccasins
  2 orc warriors
  3 sky beasts (D:5)
  A black bear (D:6)
  An ice beast (D:5)
  3 necrophages (D:6)
  2 ogres (D:4)
  2 phantoms
  A centaur (D:5)
  A gnoll sergeant (D:8)
  4 scorpions
  A water moccasin zombie (D:3)
  A wyvern skeleton (D:7)
  5 wights (D:8)
  2 howler monkeys
  2 centaur zombies (D:5)
  5 jellies
  2 gnoll shamans (D:6)
  A bullfrog skeleton (D:5)
  3 centaur skeletons
  Jessica (D:2)
  A scorpion zombie (D:5)
  6 iguanas
  An orc wizard (D:6)
  A killer bee zombie (D:7)
  A howler monkey zombie (D:7)
  21 gnolls
  A howler monkey skeleton (D:6)
  11 adders
  2 shadow imps
  An ufetubus (D:4)
  A worm (D:3)
  3 dart slugs (D:2)
  12 orcs
  12 ball pythons
  9 endoplasms
  4 giant cockroaches
  3 goblins
  A hobgoblin (D:4)
  3 jackals (D:2)
  2 quokkas
  A bat (D:3)
  3 frilled lizards
  4 kobolds
  3 rats
  2 butterflies (D:6)
159 creatures vanquished.

Vanquished Creatures (others)
  A plant (D:7)
1 creature vanquished.

Grand Total: 160 creatures vanquished

Notes
Turn   | Place    | Note
-------+----------+-------------------------------------------
     0 | D:1      | namelastname112 the Draconian Gladiator began the quest for
                  | the Orb.
     0 | D:1      | Reached XP level 1. HP: 17/17 MP: 1/1
    36 | D:1      | You fall into a shaft and drop 1 floor!
    38 | D:2      | Noticed Jessica
   228 | D:3      | Reached XP level 2. HP: 16/25 MP: 2/2
   503 | D:2      | Killed Jessica
   504 | D:2      | Reached XP level 3. HP: 26/30 MP: 3/3
   783 | D:2      | Reached XP level 4. HP: 35/38 MP: 4/4
   822 | D:2      | Found a basalt altar of Yredelemnul.
   995 | D:1      | Found a faded altar of an unknown god.
  2225 | D:3      | Reached XP level 5. HP: 33/45 MP: 5/5
  2645 | D:3      | Found a hazy altar of Hepliaklqana.
  2652 | D:3      | Found a burning altar of Makhleb.
  2654 | D:3      | Found a basalt altar of Yredelemnul.
  2655 | D:3      | Found an ornate altar of the Wu Jian Council.
  3019 | D:4      | Reached XP level 6. HP: 35/52 MP: 6/6
  3454 | D:4      | Found a glowing golden altar of the Shining One.
  3856 | D:4      | Your scales start taking on an icy white colour.
  3856 | D:4      | Reached XP level 7. HP: 31/60 MP: 7/7
  3856 | D:4      | Gained mutation: Your flesh is cold resistant. (rC+) [White
                  | Draconian growth]
  4609 | D:4      | Reached skill level 5 in Long Blades
  4984 | D:5      | Entered Level 5 of the Dungeon
  5001 | D:5      | Reached skill level 5 in Fighting
  5262 | D:5      | Reached skill level 5 in Dodging
  5262 | D:5      | Reached XP level 8. HP: 51/69 MP: 8/8
  5943 | D:5      | Reached skill level 5 in Throwing
  6456 | D:6      | Found a staircase to the Ecumenical Temple.
  6528 | Temple   | Entered the Ecumenical Temple
  6546 | Temple   | Became a worshipper of Uskayaw the Reveller
  6680 | D:6      | Reached * piety under Uskayaw
  6691 | D:6      | Reached ** piety under Uskayaw
  6736 | D:6      | Reached skill level 1 in Invocations
  7709 | D:6      | Reached XP level 9. HP: 68/78 MP: 9/11
  7709 | D:6      | namelastname112: !zot clock
  8164 | D:6      | Noticed Edmund
  8359 | D:6      | Reached *** piety under Uskayaw
  8854 | D:6      | Killed Edmund
  9399 | D:7      | Reached **** piety under Uskayaw
  9406 | D:7      | Reached ***** piety under Uskayaw
  9513 | D:7      | Found Zeoxeeca's Hydra Hut.
  9515 | D:7      | Noticed a four-headed hydra
  9519 | D:7      | Bought a +1 scimitar of flaming for 198 gold pieces
  9633 | D:7      | Reached skill level 5 in Invocations
  9777 | D:7      | Noticed a troll
  9787 | D:7      | Killed a troll
 10416 | D:7      | Found a sparkling altar of Nemelex Xobeh.
 10416 | D:7      | Found an opulent altar of Gozag.
 10944 | D:8      | Reached XP level 10. HP: 76/88 MP: 14/14
 11325 | D:8      | Noticed a two-headed ogre
 11343 | D:8      | Slain by a two-headed ogre

Illustrated notes

Levels and vault maps discovered:
D:1:      arrival_zaba_pyramid, layout_loops_ring,
          hellmonk_ecumenical_altar_pennies_from_heaven,
          nicolae_concentric_dashed_squares_mild
D:2:      layout_basic, basic_altar, uniq_jessica
D:3:      layout_basic, minitemple
D:4:      layout_cave_pods, tso_altar
D:5:      layout_rooms
D:6:      minmay_inner_zag, layout_layer_cave, minmay_temple_entry_butterflies,
          uniq_edmund
D:7:      layout_gridville, grunt_temple_overflow_opulence, minivault_24,
          doesnt_shop_hydraphobe
D:8:      layout_basic, serial_shops, kennysheep_mini_moat, minivault_24,
          st_stairs_5, kennysheep_boxes, uniq_psyche
Temple:   nicolae_temple_no_exploring_needed

Skill      XL: |  1  2  3  4  5  6  7  8  9 |
---------------+----------------------------+-----
Throwing       | 2 3 4 5 |  5.2
Dodging        | 3 4 5 6 |  6.9
Fighting       | 3 4 5 6 7 |  7.9
Long Blades    | 4 5 6 7 |  7.6
Invocations    | 2 6 |  6.5

Action                   |  1- 3 |  4- 6 |  7- 9 | 10-12 || total
-------------------------+-------+-------+-------+-------++-------
Melee: Long sword        |    69 |   149 |   421 |       ||   639
       Tailslap          |    10 |    12 |    75 |       ||    97
       Punch             |       |     4 |     5 |       ||     9
       Scimitar          |       |       |    50 |    11 ||    61
Throw: Dart              |       |       |     3 |       ||     3
 Abil: Breathe Frost     |       |       |     9 |     2 ||    11
Evoke: Wand              |       |     1 |       |       ||     1
 Stab: Sleeping          |       |     5 |     4 |       ||     9
       Paralysed         |       |       |     8 |     1 ||     9
       Distracted        |       |       |     1 |       ||     1
Armor: Skin              |    29 |    36 |   146 |     1 ||   212
Dodge: Dodged            |    72 |   103 |   353 |     9 ||   537

Table legend: (Time is in decaauts)
 A = Elapsed time spent in this place.
 B = Non-inter-level travel time spent in this place.
 C = Inter-level travel time spent in this place.
 D = Time resting spent in this place.
 E = Time spent auto-exploring this place.
 F = Levels seen in this place.
 G = Mean time per level.
                   A        B        C        D        E       F      G
               +--------+--------+--------+--------+--------+-----+--------+
         Total |  11443 |  11204 |    239 |   2659 |   7018 |   9 | 1271.4 |
       Dungeon |  11415 |  11184 |    231 |   2659 |   7018 |   8 | 1426.9 |
        Temple |     27 |     19 |      8 |      0 |      0 |   1 |   27.0 |
               +--------+--------+--------+--------+--------+-----+--------+

Top non-repeatable levels by time:
     D:6: 2797 daAuts
     D:4: 2040 daAuts
     D:5: 1490 daAuts
     D:7: 1421 daAuts
     D:3: 1235 daAuts
     D:2: 1020 daAuts
     D:1: 750 daAuts
     D:8: 657 daAuts
  Temple: 27 daAuts
